 Dungeon Crawl Stone Soup version 0.31-a0-1301-g7e11add784 (webtiles) character file.

Game seed: 18335857309784298977

109407 selen the Warrior (level 16, 0/145 HPs)
             Began as a Merfolk Gladiator on Dec 14, 2023.
             Was a High Priest of Okawaru.
             Slain by a +6 hand axe of distortion (21 damage)
             ... on level 2 of the Elven Halls on Dec 19, 2023.
             The game lasted 01:00:26 (29136 turns).

selen the Warrior (Merfolk Gladiator)              Turns: 29136, Time: 01:00:26

Health: 0/145      AC: 12    Str: 15    XL:     16   Next: 52%
Magic:  17/23      EV: 37    Int:  8    God:    Okawaru [*****.]
Gold:   1777       SH:  0    Dex: 31    Spells: 15/15 levels left

rFire   + + .        e - +5 Maxwell's thermic engine {flame, freeze, rev}
rCold   + + .        (no shield)
rNeg    . . .        H - +2 robe {rC+ rF+}
rPois   +            c - +0 helmet
rElec   .            W - scarf {rC+ rF+}
rCorr   .            M - +2 pair of gloves {Dex+3}
SInv    .            l - +2 pair of boots
Will    +....        (no amulet)
Stlth   ++++         i - ring of poison resistance
HPRegen 0.44/turn    V - +6 ring of dexterity
MPRegen 0.18/turn

%: no passive effects
@: lethally poisoned (0 -> -6), heroic, finesse-ful
A: (nimble swimmer 2), mertail
a: Renounce Religion, Heroism, Finesse, Duel


You were on level 2 of the Elven Halls.
You worshipped Okawaru.
Okawaru was extremely pleased with you.
You visited 5 branches of the dungeon, and saw 25 of its levels.
You also visited: Sewer, Ice Cave and Volcano.

You collected 2227 gold pieces.
You spent 450 gold pieces at shops.

Inventory:

Hand Weapons
 e - the +5 Maxwell's thermic engine (weapon) {flame, freeze, rev}
   (You found it on level 5 of the Lair of Beasts)
 G - the +8 long sword of Ruination {freeze, rF+}
   (You found it on level 6 of the Dungeon)

   rF+:       It protects you from fire.
Missiles
 P - 5 silver javelins
Armour
 c - a +0 helmet (worn)
 l - a +2 pair of boots (worn)
 H - a +2 robe of resistance (worn)
 L - a +0 kite shield
 M - a +2 pair of gloves of dexterity (worn)
 W - a scarf of resistance (worn)
Jewellery
 i - a ring of poison resistance (left hand)
 B - a ring of protection from fire
 S - the ring of the Hare {EV+10}
   (You found it on level 2 of the Lair of Beasts)

   [ring of evasion]

   EV+10:     It affects your evasion (+10).
 V - a +6 ring of dexterity (right hand)
Wands
 d - a wand of mindburst (7)
 k - a wand of digging (5)
 C - a wand of polymorph (5)
 D - a wand of flame (35)
 F - a wand of acid (5)
 X - a wand of iceblast (20)
Scrolls
 f - 3 scrolls of noise
 g - 5 scrolls of silence
 h - 4 scrolls of fog
 m - a scroll of immolation
 n - 8 scrolls of vulnerability
 r - 8 scrolls of teleportation
 s - 2 scrolls of amnesia
 x - a scroll of enchant weapon
 y - 3 scrolls of fear
 A - 2 scrolls of enchant armour
 E - 4 scrolls of poison
 Q - a scroll of identify
 T - 2 scrolls of revelation
 Y - 2 scrolls of blinking
 Z - a scroll of butterflies {unknown}
Potions
 a - 5 potions of haste
 b - a potion of magic {unknown}
 j - a potion of mutation {unknown}
 o - 2 potions of enlightenment
 p - a potion of lignification
 q - 7 potions of curing
 t - 5 potions of brilliance
 u - 5 potions of invisibility
 v - 4 potions of might
 w - 2 potions of cancellation
 z - 5 potions of heal wounds
 J - 5 potions of degeneration
 K - a potion of resistance {unknown}
 O - 4 potions of berserk rage
 U - a potion of attraction {unknown}
Miscellaneous
 I - a phial of floods
 N - a box of beasts
 R - a condenser vane


   Skills:
 + Level 18.8(23.8) Fighting
 - Level 18.3(23.3) Long Blades
 - Level 2.0(7.0) Throwing
 - Level 2.7(7.7) Armour
 - Level 15.8(20.8) Dodging
 - Level 10.0 Invocations
 - Level 10.1 Evocations


You had 15 spell levels left.
You didn't know any spells.
Your spell library contained the following spells:

 Spells                   Type           Power      Damage    Failure   Level
 Kiss of Death            Conj/Necr      0%         2d5       41%         1
 Blink                    Tloc           0%         N/A       54%         2
 Cigotuvi's Dreadful Rot  Necr/Pois/Air  0%         N/A       54%         2
 Ensorcelled Hibernation  Hex/Ice        0%         N/A       54%         2
 Jinxbite                 Hex            0%         N/A       54%         2
 Lesser Beckoning         Tloc           0%         N/A       54%         2
 Momentum Strike          Conj/Tloc      0%         3d8       54%         2
 Wereblood                Tmut           0%         N/A       54%         2
 Confusing Touch          Hex            0%         N/A       78%         3
 Frozen Ramparts          Ice            0%         1d1       78%         3
 Inner Flame              Hex/Fire       0%         N/A       78%         3
 Anguish                  Hex/Necr       0%         N/A       99%         4
 Dispel Undead            Necr           0%         3d6       99%         4
 Flame Wave               Conj/Fire      0%         2d4       99%         4
 Leda's Liquefaction      Tmut/Erth      0%         N/A       99%         4
 Petrify                  Tmut/Erth      0%         N/A       99%         4
 Sticky Flame             Conj/Fire      0%         2d3       99%         4
 Irradiate                Conj/Tmut      0%         3d11      100%        5
 Metabolic Englaciation   Hex/Ice        0%         N/A       100%        5
 Death Channel            Necr           Unusable   N/A       N/A         6

Dungeon Overview and Level Annotations

Branches:
Dungeon (15/15)            Temple (1/1) D:7            Lair (5/5) D:11
 Shoals (0/4) Lair:3       Spider (0/4) Lair:3        Slime (0/5) Lair:5
    Orc (2/2) D:11            Elf (2/3) Orc:2        Vaults (0/5) D:13
 Depths (0/4) D:15          Sewer (visited)           IceCv (visited)
Volcano (visited)

Altars:
Ashenzari
Cheibriados
Dithmenos
Elyvilon
Fedhas
Gozag
Hepliaklqana
Kikubaaqudgha
Makhleb
Nemelex Xobeh
Okawaru
Qazlal
Ru
Sif Muna
Trog
Uskayaw
Vehumet
Wu Jian
Xom
Yredelemnul
Zin
The Shining One
Jiyva

Shops:
D:3 :   D:4 (   Orc:2 [==?

Annotations:
D:5 1 runed translucent door, iorena's ghost, novice MfIE
D:6 1 runed translucent door, paps's ghost, novice OpSh
Lair:1 2 transporters, Taaryas's ghost, journeyman MiMo


Innate Abilities, Weirdness & Mutations

((You are very nimble when in or above water. (Stealth+, EV+, Speed+++)))
Your lower body shifts to a powerful aquatic tail in water.


Message History

Okawaru accepts your kill. The water engulfing you falls away.
The +1 short sword of venom closely misses you.
You slice the deep elf pyromancer!! You burn the deep elf pyromancer.
You freeze the deep elf pyromancer.
The deep elf pyromancer is severely wounded.
You feel sick.
The deep elf demonologist mumbles some strange words.
The +1 short sword of venom misses you.
The deep elf pyromancer closely misses you.
You slash the deep elf pyromancer! You burn the deep elf pyromancer.
You kill the deep elf pyromancer!
Okawaru accepts your kill.
The deep elf archer shoots an arrow.
The arrow completely misses you.
The deep elf knight shoots an arrow.
The arrow completely misses you.
The arrow closely misses the +6 hand axe of distortion.
The +6 hand axe of distortion hits you! Space warps around you.
You feel sick.
The +1 short sword of venom completely misses you.
The +1 heavy glaive hits you from afar!!
The +1 short sword of venom hits you.
You are more poisoned.
The +6 hand axe of distortion hits you. Space warps around you.
The deep elf zephyrmancer completely misses you.
Things that are here:
a +0 dagger; a +0 leather armour; an elf corpse You feel very sick.
The +1 short sword of venom completely misses you.
The +6 hand axe of distortion hits you but does no damage.
Space warps around you. The +1 short sword of venom misses you.
The +1 heavy glaive hits you from afar!!
* * * LOW HITPOINT WARNING * * *
The +6 hand axe of distortion completely misses you.
There is a stone staircase leading up, spattered with blood here.
You feel very sick.
The +1 short sword of venom completely misses you.
The +6 hand axe of distortion hits you!
* * * LOW HITPOINT WARNING * * *
Space warps horribly around you!!
You die...

.#
#.......#
.##....e..#
?#.......
....... .
#..#..# .#$
#(e##e#..#.
#?(e!....#.
#$)@ee...#
#<(##......
#..#>....##
....#.#...#
.$...###
### #e.....
.2####...
.# #... #.
....


You could see a deep elf demonologist, 2 deep elf archers, a deep elf knight, 2
deep elf pyromancers, a deep elf zephyrmancer, a hellion (summoned) and 3
dancing weapons.

Vanquished Creatures
  Frances (D:12)
  Donald (Elf:1)
  A frost giant (IceCv)
  A very ugly thing (D:15)
  2 dire elephants (Lair:5)
  A hydra (Lair:2)
  2 rakshasas
  2 catoblepae (Lair:2)
  7 dancing weapons (Elf:1)
  2 centaur warriors
  4 boulder beetles
  8 death yaks
  5 two-headed ogres
  4 skysharks
  2 deep elf knights (Elf:1)
  2 skeletal warriors (Volcano)
  A spectral anaconda (Lair:5)
  An obsidian statue (Lair:5)
  A glowing orange brain (D:15)
  Pikel (D:3)
  2 deep elf archers (Elf:1)
  3 necromancers (Lair:5)
  An anaconda skeleton (Volcano)
  6 deep elf zephyrmancers
  11 deep elf pyromancers
  4 orc knights (Orc:2)
  11 ugly things
  A wolf spider (D:15)
  An orc sorcerer (Orc:1)
  3 cyclopes
  18 elephants
  An ice statue (IceCv)
  12 black mambas
  7 kobold blastminers (Orc:2)
  A torpor snail (Lair:5)
  4 gargoyles
  11 cane toads
  11 rime drakes
  3 yaktaurs (D:15)
  2 dire elephant skeletons (Lair:5)
  An unseen horror (D:11)
  5 kobold demonologists
  A rime drake (shapeshifter) (D:13)
  A tengu conjurer (D:14)
  9 komodo dragons
  2 efreet (D:14)
  A polar bear (shapeshifter) (Elf:1)
  7 polar bears
  A hornet (D:9)
  A harpy skeleton (Volcano)
  A tarantella (Lair:3)
  8 trolls
  10 blink frogs (Lair:2)
  A spectral elephant (Lair:5)
  A raiju (shapeshifter) (D:14)
  Sigmund (D:6)
  3 shadows
  2 air elementals (Elf:1)
  3 flying skulls (Volcano)
  A water elemental (Elf:2)
  Eustachio (D:4)
  17 slime creatures
  7 wyverns
  3 wraiths
  A yak (shapeshifter) (D:14)
  50 yaks
  A vampire (D:11)
  3 basilisks
  A fire elemental (Elf:1)
  A redback (Lair:3)
  3 spectral cane toads (Lair:5)
  A steam dragon (D:7)
  8 vampire mosquitoes
  3 death yak simulacra (Lair:5)
  A swamp worm (shapeshifter) (D:15)
  2 acid dragons
  22 water moccasins
  An elephant zombie (Lair:5)
  28 orc warriors
  Pargi (Sewer)
  2 sky beasts
  3 black bears
  3 ice beasts
  3 ogres
  15 centaurs
  20 wolves
  2 elephant skeletons (Lair:5)
  3 kobold brigands
  A brain worm (Sewer)
  Blork the orc (D:5)
  11 bullfrogs
  3 scorpions
  3 cane toad simulacra (Lair:5)
  12 wights
  2 elephant simulacra (Lair:5)
  11 killer bees
  2 troll skeletons (Volcano)
  6 howler monkeys
  An electric eel (Lair:2)
  2 gnoll boudas
  3 hounds
  12 orc priests
  Ijyb (D:5)
  4 iguanas
  15 orc wizards
  A naga skeleton (Volcano)
  13 gnolls
  6 adders
  3 shadow imps (D:4)
  3 white imps
  4 ufetubi
  5 worms
  5 dart slugs
  64 orcs
  3 bats
  4 endoplasms
  3 giant cockroaches
  6 goblins
  4 hobgoblins
  2 quokkas
  11 ball pythons
  2 frilled lizards
  17 kobolds
  6 rats
680 creatures vanquished.

Vanquished Creatures (others)
  An elephant (Lair:2)
  A spectral cane toad (Lair:5)
2 creatures vanquished.

Grand Total: 682 creatures vanquished

Notes
Turn   | Place    | Note
-------+----------+-------------------------------------------
     0 | D:1      | selen the Merfolk Gladiator began the quest for the Orb.
     0 | D:1      | Reached XP level 1. HP: 16/16 MP: 1/1
   223 | D:1      | Reached XP level 2. HP: 23/23 MP: 2/2
   505 | D:1      | Found a faded altar of an unknown god.
   619 | D:1      | Reached XP level 3. HP: 29/29 MP: 3/3
   896 | D:2      | Found a radiant altar of Vehumet.
  1397 | D:2      | Reached XP level 4. HP: 33/36 MP: 4/4
  1701 | D:3      | Reached skill level 5 in Long Blades
  1887 | D:3      | Found a glowing silver altar of Zin.
  1888 | D:3      | Found a white marble altar of Elyvilon.
  2029 | D:3      | Found Anusim's Book Boutique.
  2035 | D:3      | Reached XP level 5. HP: 42/42 MP: 5/5
  2245 | D:3      | Found a glowing drain.
  2257 | Sewer    | Entered a sewer
  2412 | Sewer    | Noticed Pargi
  2431 | Sewer    | Killed Pargi
  2432 | Sewer    | Reached skill level 5 in Fighting
  2432 | Sewer    | Reached XP level 6. HP: 42/51 MP: 6/6
  3039 | D:4      | Noticed Eustachio
  3084 | D:4      | Killed Eustachio
  3085 | D:4      | Reached XP level 7. HP: 30/56 MP: 7/7
  3230 | D:4      | Noticed Pikel
  3257 | D:4      | Found a bloodstained altar of Trog.
  3301 | D:4      | Found a transporter.
  3314 | D:4      | Found a transporter.
  3411 | D:3      | Killed Pikel
  3412 | D:3      | Reached skill level 10 in Long Blades
  3412 | D:3      | Reached XP level 8. HP: 56/62 MP: 8/8
  3917 | D:4      | Found Geenuxu's Weapon Shop.
  4369 | D:5      | Entered Level 5 of the Dungeon
  4413 | D:5      | Found a runed translucent door.
  4413 | D:5      | Noticed iorena's ghost (novice MfIE)
  4437 | D:5      | Noticed Ijyb
  4655 | D:5      | Killed Ijyb
  4777 | D:5      | Noticed Blork the orc
  4792 | D:5      | Killed Blork the orc
  5468 | D:5      | Reached XP level 9. HP: 68/68 MP: 9/9
  6034 | D:6      | Identified the +8 long sword of Ruination {freeze, rF+}
  6059 | D:6      | You fall into a shaft and drop 1 floor!
  6114 | D:6      | Noticed a two-headed ogre
  6160 | D:6      | Found a shimmering blue altar of Sif Muna.
  6176 | D:6      | Killed a two-headed ogre
  6340 | D:6      | Found a blossoming altar of Fedhas.
  6446 | D:6      | Noticed Sigmund
  6458 | D:6      | Killed Sigmund
  6613 | D:6      | Found a runed translucent door.
  6613 | D:6      | Found a shimmering altar of Xom.
  6613 | D:6      | Noticed paps's ghost (novice OpSh)
  6615 | D:6      | Noticed a +0 rapier of chaos
  7260 | D:7      | Reached XP level 10. HP: 78/82 MP: 10/10
  7369 | D:7      | Found a staircase to the Ecumenical Temple.
  8199 | Temple   | Entered the Ecumenical Temple
  8227 | Temple   | Became a worshipper of Warmaster Okawaru
  8397 | D:7      | Reached skill level 10 in Fighting
  8583 | D:7      | Reached skill level 1 in Invocations
  9022 | D:8      | Reached * piety under Okawaru
  9023 | D:8      | Reached skill level 5 in Dodging
 10054 | D:9      | Found an ornate altar of the Wu Jian Council.
 10189 | D:9      | Noticed a two-headed ogre
 10199 | D:9      | Killed a two-headed ogre
 10199 | D:9      | Reached ** piety under Okawaru
 10305 | D:9      | Reached skill level 5 in Invocations
 10392 | D:9      | Reached XP level 11. HP: 66/90 MP: 11/15
 11193 | D:10     | Entered Level 10 of the Dungeon
 11285 | D:10     | Found a sacrificial altar of Ru.
 11764 | D:10     | Reached *** piety under Okawaru
 11799 | D:10     | Found a white marble altar of Elyvilon.
 11914 | D:10     | Reached skill level 10 in Dodging
 11916 | D:10     | Noticed a centaur warrior
 11923 | D:10     | Found an ancient bone altar of Kikubaaqudgha.
 11927 | D:10     | Killed a centaur warrior
 12243 | D:11     | Found a staircase to the Orcish Mines.
 12421 | D:11     | Reached **** piety under Okawaru
 12631 | D:11     | Found a staircase to the Lair.
 12708 | D:11     | Noticed a cyan ugly thing
 12721 | D:11     | Killed a cyan ugly thing
 13146 | D:11     | Identified the +0 robe "Zanestim" {Int+2}
 13404 | Lair:1   | Entered Level 1 of the Lair of Beasts
 13442 | Lair:1   | Found a dark tunnel.
 13487 | Lair:1   | Upgraded the game from 0.31-a0-1218-gce794a2c1e to
                  | 0.31-a0-1223-gfd5aef93c1
 13587 | Lair:1   | Reached XP level 12. HP: 49/97 MP: 17/19
 13669 | Volcano  | Entered a volcano
 13919 | Volcano  | Reached skill level 10 in Invocations
 14392 | Volcano  | Reached ***** piety under Okawaru
 14835 | Lair:1   | Noticed Taaryas's ghost (journeyman MiMo)
 14840 | Lair:1   | Found a transporter.
 14844 | Lair:1   | Found a transporter.
 15235 | Lair:1   | Found a bloodstained altar of Trog.
 15441 | Lair:2   | Noticed a boulder beetle
 15451 | Lair:2   | Killed a boulder beetle
 15451 | Lair:2   | Received a gift from Okawaru
 16267 | Lair:2   | Reached XP level 13. HP: 93/114 MP: 18/20
 16296 | Lair:2   | Reached skill level 15 in Fighting
 16389 | Lair:2   | Identified the +7 trident "Duiniont" {spect, rC- rCorr
                  | Int+2}
 16405 | Lair:2   | Found the ring of the Hare {EV+10}
 16448 | Lair:2   | Received a gift from Okawaru
 17012 | Arena    | Entered the Arena
 17043 | Lair:2   | Reached skill level 15 in Dodging
 17595 | Lair:3   | Found a hole to the Spider Nest.
 17681 | Lair:3   | Received a gift from Okawaru
 17886 | Lair:3   | Reached skill level 15 in Long Blades
 17965 | Lair:3   | Found a staircase to the Shoals.
 17996 | Lair:3   | Reached XP level 14. HP: 123/123 MP: 21/21
 18695 | Lair:4   | Found a blossoming altar of Fedhas.
 19040 | Lair:4   | Found the +8 whip "Snakebite" {venom, curare, rPois}
 19382 | Lair:5   | Entered Level 5 of the Lair of Beasts
 19461 | Lair:5   | Found a viscous altar of Jiyva.
 19461 | Lair:5   | Found a staircase to the Slime Pits.
 20226 | Lair:5   | Noticed a dire elephant
 20276 | Lair:5   | Found the +2 Maxwell's thermic engine {flame, freeze, rev}
 20277 | Lair:5   | Noticed a dire elephant
 20286 | Lair:5   | Killed a dire elephant
 20286 | Lair:5   | Received a gift from Okawaru
 20648 | Lair:5   | Reached skill level 1 in Armour
 20670 | Lair:5   | Killed a dire elephant
 20670 | Lair:5   | Received a gift from Okawaru
 20977 | Lair:5   | Upgraded the game from 0.31-a0-1223-gfd5aef93c1 to
                  | 0.31-a0-1236-gaa9e43cceb
 21380 | D:12     | Noticed Frances
 21389 | D:12     | Killed Frances
 21441 | D:12     | Identified the staff of the Fresh God {rF+ rN+ Str-2 Int+2
                  | Fire}
 21700 | D:12     | Reached skill level 1 in Evocations
 21904 | D:13     | Reached XP level 15. HP: 130/130 MP: 22/22
 21945 | D:13     | Found a radiant altar of Vehumet.
 22244 | D:13     | Found a gate to the Vaults.
 22248 | D:13     | Reached skill level 5 in Evocations
 22583 | Orc:1    | Entered Level 1 of the Orcish Mines
 22654 | Orc:1    | Received a gift from Okawaru
 22932 | Orc:2    | Entered Level 2 of the Orcish Mines
 23023 | Orc:2    | Found a frozen archway.
 23032 | IceCv    | Entered an ice cave
 23221 | IceCv    | Noticed a frost giant
 23241 | IceCv    | Killed a frost giant
 23761 | Orc:2    | Found Miad's Jewellery Shop.
 23761 | Orc:2    | Found Plog's Jewellery Emporium.
 23761 | Orc:2    | Found Nair's Antique Armour Shoppe.
 24222 | Orc:2    | Reached skill level 10 in Evocations
 24328 | Orc:2    | Found a staircase to the Elven Halls.
 24504 | Orc:2    | Found Joetusiu's Magic Scroll Boutique.
 24514 | Orc:2    | Bought a scroll of revelation for 120 gold pieces
 24514 | Orc:2    | Bought a scroll of blinking for 120 gold pieces
 24519 | Orc:2    | Bought a runed buckler for 210 gold pieces
 24564 | Orc:2    | Upgraded the game from 0.31-a0-1236-gaa9e43cceb to
                  | 0.31-a0-1301-g7e11add784
 24878 | D:14     | Received a gift from Okawaru
 25106 | D:14     | Identified the +9 shortbow of Cutwec {antimagic, rPois
                  | Str-5 Int+2 Stlth+}
 25775 | D:15     | Entered Level 15 of the Dungeon
 25814 | D:15     | Reached XP level 16. HP: 139/139 MP: 23/23
 25961 | D:15     | Found a staircase to the Depths.
 26277 | D:15     | Received a gift from Okawaru
 27106 | Elf:1    | Entered Level 1 of the Elven Halls
 27107 | Elf:1    | Paralysed by an air elemental for 1 turns
 27112 | Elf:1    | Noticed Donald
 27128 | Elf:1    | Killed Donald
 29136 | Elf:2    | Slain by a +6 hand axe of distortion

Illustrated notes

Levels and vault maps discovered:
D:1:      lightli_arrival_windingriver, layout_basic,
          shapermc_ecumenical_altar_mp_vishouse, minmay_splitting_lines
D:2:      layout_loops_ring, basic_altar, kennysheep_nondescript,
          nrook_campfire, grunt_decor_cap
D:3:      layout_loops_cross, nicolae_overflow_two_pavilions, serial_shops,
          nicolae_shop_competitors_out_of_business, cheibrodos_sewer_entry_bend,
          kennysheep_generic_room_16
D:4:      gammafunk_wand_slinger, layout_gridville, trog_three_pillars_becter,
          serial_shops, shop_statue, uniq_pikel, uniq_eustachio
D:5:      layout_loops_ring, ebering_ghost_reflecting_pool, uniq_ijyb,
          uniq_blork_the_orc
D:6:      layout_gridville, mainiacjoe_overflow_small_starburst,
          kennysheep_little_box, ebering_ghost_xom, uniq_sigmund
D:7:      layout_rooms, minmay_temple_entry_tees, roderic_nine_men_s_morris
D:8:      layout_cave_pools, minivault_11
D:9:      kennysheep_blocky_hall, layout_irregular_city,
          nzn_wu_jian_contemplation, kennysheep_generic_room_7
D:10:     layout_roguey, old_standard_altar, serial_rivers,
          chequers_serial_rivers_room_a, chequers_serial_rivers_micro_b,
          chequers_serial_rivers_micro_c, chequers_serial_rivers_room_a,
          grunt_ministairs_4, hangedman_feature_mirror
D:11:     layout_long_grid, lair_entry_dummy, orc_0_dummy
D:12:     layout_irregular_city, minmay_misc_feat_pillars, uniq_frances
D:13:     layout_rooms, david_vaults_1, nicolae_vehumet_radiance
D:14:     layout_gridville, minmay_crystal_room
D:15:     gammafunk_enter_depths_forms, layout_stronghold,
          hangedman_decor_peaks_small
Temple:   hellmonk_temple_two_chambers
Lair:1:   layout_long_grid, nicolae_volcano_entry_s_turn,
          gammafunk_ghost_wrathful_warriors, serial_bayou_shore_b,
          serial_bayou_shore_b
Lair:2:   nzn_winding_woodlands_large [nzn_winding_woodlands_5x5_perimeter,
          nzn_winding_woodlands_5x15_river_crossing,
          nzn_winding_woodlands_5x5_cross,
          nzn_winding_woodlands_center_pierced_h,
          nzn_winding_woodlands_15x15_five_gardens,
          nzn_winding_woodlands_center_triple_pond,
          nzn_winding_woodlands_hourglass, nzn_winding_woodlands_5x15_garden,
          nzn_winding_woodlands_5x5_three], layout_regular_city
Lair:3:   layout_regular_city, shoals_dummy_entry, spider_nest_entry_rubble
Lair:4:   minmay_guarded_unrand_snakebite, layout_misc_corridors, basic_altar,
          serial_bayou_shore_a, infiniplex_staircase_pool_2
Lair:5:   due_jungle_book, layout_long_grid, slime_entry_1
Orc:1:    layout_diamond_mine, nicolae_orc_crystal_geode
Orc:2:    st_orc_rangers, layout_caves, portal_ice_cave_entry_pillars_1
Elf:1:    layout_loops_cross, uniq_donald
Elf:2:    nicolae_elf_blades_crystal_corner, layout_loops_cross, serial_shops,
          shop

Skill      XL: |  1  2  3  4  5  6  7  8  9 10 11 12 13 14 15 16 |
---------------+-------------------------------------------------+-----
Long Blades    | 4 5 6 8 10 12 14 15 18 | 18.3
Fighting       | 3 4 5 8 10 14 15 16 18 | 18.8
Invocations    | 5 9 10 | 10.0
Dodging        | 8 12 15 | 15.8
Armour         | 2 |  2.7
Evocations     | 1 10 | 10.1
Throwing       | |  2.0

Action                     |  1- 3 |  4- 6 |  7- 9 | 10-12 | 13-15 | 16-18 || total
---------------------------+-------+-------+-------+-------+-------+-------++-------
  Melee: Long sword        |   116 |   140 |   261 |   572 |    75 |       ||  1164
         Punch             |     1 |     6 |     2 |    13 |     6 |     2 ||    30
         Tailslap          |       |     4 |     4 |     1 |     6 |       ||    15
         Great sword       |       |       |       |       |   365 |       ||   365
         Double sword      |       |       |       |       |   431 |   151 ||   582
  Throw: Throwing net      |       |     2 |     2 |       |     3 |       ||     7
         Dart              |       |     3 |       |       |       |       ||     3
         Javelin           |       |       |       |       |     1 |       ||     1
 Invoke: Heroism           |       |       |       |     8 |    14 |     2 ||    24
         Finesse           |       |       |       |     4 |    14 |     2 ||    20
         Duel              |       |       |       |       |     1 |       ||     1
  Evoke: Wand              |       |       |     3 |       |       |       ||     3
         Condenser vane    |       |       |       |       |     1 |       ||     1
    Use: Scroll            |       |     1 |     2 |    21 |     6 |       ||    30
         Potion            |       |     1 |     1 |     4 |     1 |       ||     7
   Stab: Sleeping          |     2 |     2 |     2 |     3 |    12 |     3 ||    24
         Held in net/web   |       |     1 |     3 |       |     1 |       ||     5
         Petrified         |       |       |       |       |     8 |       ||     8
         Distracted        |       |       |       |       |     1 |       ||     1
         Confused          |       |       |       |       |     2 |       ||     2
 Armour: Leather armour    |    57 |    72 |   119 |       |       |       ||   248
         Robe              |       |       |    22 |   375 |   216 |    68 ||   681
  Dodge: Dodged            |    62 |    75 |   153 |   550 |   949 |   142 ||  1931

Table legend: (Time is in decaauts)
 A = Elapsed time spent in this place.
 B = Non-inter-level travel time spent in this place.
 C = Inter-level travel time spent in this place.
 D = Time resting spent in this place.
 E = Time spent auto-exploring this place.
 F = Levels seen in this place.
 G = Mean time per level.
                   A        B        C        D        E       F      G
               +--------+--------+--------+--------+--------+-----+--------+
         Total |  28408 |  27364 |   1044 |   3574 |  19139 |  29 |  979.6 |
       Dungeon |  16661 |  15959 |    702 |   2003 |  11388 |  15 | 1110.7 |
        Temple |     60 |     60 |      0 |      0 |      0 |   1 |   60.0 |
          Lair |   6240 |   6043 |    197 |     99 |   4880 |   5 | 1248.0 |
  Orcish Mines |   1471 |   1374 |     97 |    285 |    771 |   2 |  735.5 |
   Elven Halls |   1994 |   1947 |     47 |    933 |    817 |   2 |  997.0 |
         Sewer |    261 |    261 |      0 |      0 |    202 |   1 |  261.0 |
      Ice Cave |    593 |    593 |      0 |      0 |    412 |   1 |  593.0 |
       Volcano |   1099 |   1099 |      0 |    237 |    668 |   1 | 1099.0 |
         Arena |     24 |     24 |      0 |     17 |      0 |   1 |   24.0 |
               +--------+--------+--------+--------+--------+-----+--------+

Top non-repeatable levels by time:
  Lair:2: 2034 daAuts
   Elf:1: 1980 daAuts
     D:6: 1638 daAuts
  Lair:5: 1556 daAuts
     D:4: 1520 daAuts
     D:9: 1321 daAuts
     D:5: 1251 daAuts
    D:11: 1203 daAuts
    D:15: 1189 daAuts
     D:3: 1185 daAuts
 Volcano: 1099 daAuts
     D:8: 1096 daAuts
    D:10: 1046 daAuts
     D:7: 1024 daAuts
    D:14: 1003 daAuts
